Sarnia Sailors vs Laval Rocket

Created - Monday, September 15, 2025 at 07:48

Goals
1 2 3 T
Sarnia Sailors 0 2 2 4
Laval Rocket 1 1 3 5
Shots
1 2 3 T
Sarnia Sailors 3 17 23 43
Laval Rocket 9 13 18 40

1st period

1. Laval Rocket , Jackson Blake 26 (Fyodor Svechkov 30) at 14:10 (PP)

Penalties :
Cole Reinhardt (SAR) for Tripping (Minor) at 3:11, Landon Slaggert (SAR) for Boarding (Minor) at 10:52, Jeremie Poirier (SAR) for Slashing (Minor) at 13:16

2nd period

2. Sarnia Sailors , Jesse Puljujarvi 13 (Rory Kerins 21) at 0:34
3. Sarnia Sailors , Brad Lambert 28 (Arthur Kaliyev 43) at 0:50
4. Laval Rocket , Justin Hryckowian 19 (Olle Lycksell 21) at 7:20

Penalties :
Lian Bichsel (LAV) for Slashing (Minor) at 0:53, Brad Lambert (SAR) for Holding (Minor) at 7:28

3rd period

5. Sarnia Sailors , Brad Lambert 29 (Nate Danielson 17) at 0:12
6. Laval Rocket , Justin Hryckowian 20 (Olle Lycksell 22) at 3:56
7. Laval Rocket , Fyodor Svechkov 23 (Jackson Blake 35) at 8:16
8. Sarnia Sailors , Jesse Puljujarvi 14 (Rory Kerins 22) at 12:42 (PP)
9. Laval Rocket , Fyodor Svechkov 24 (Jackson Blake 36, Ethen Frank 20) at 14:11

Penalties :
Felix Unger Sorum (LAV) for Fighting (Major) at 4:16, Nate Danielson (SAR) for Fighting (Major) at 4:16, Nate Danielson (SAR) for instigated a fight (Minor) at 4:16, Nate Danielson (SAR) for instigated a fight (10 Minutes Misconduct) at 4:16, Lian Bichsel (LAV) for Tripping (Minor) at 11:55

Goalie Stats

Sebastian Cossa (SAR), 35 saves from 40 shots - (0.875), L, 15-8-0, 58:59 minutes
Jet Greaves (LAV), 39 saves from 43 shots - (0.907), W, 6-6-0, 60:00 minutes

Players Stats for Sarnia Sailors

Player Name              G  A  P  +/- PIM S  H  SB GA TA FO     MP     PP MP  PK MP  
------------------------------------------------------------------------------------
                         0  0  0   0  0   0  0  0  0  0  0/0     0:00   0:00   0:00 
Adam Ginning             0  0  0   0  0   1  0  2  1  2  0/0    18:12   0:35   2:40 
Arthur Kaliyev           0  1  1   0  0   5  1  0  1  0  0/2    20:06   2:11   0:00 
Brad Lambert             2  0  2   0  2   7  3  1  0  0  15/32  20:19   2:11   0:19 
Cole Reinhardt           0  0  0  -1  2   2  2  0  2  0  0/0     9:43   0:00   0:43 
Declan Chisholm          0  0  0   0  0   3  0  1  0  1  0/0    28:02   2:11   5:11 
Jack Rathbone            0  0  0  -1  0   2  0  2  0  1  0/0    13:46   0:00   0:59 
Jeremie Poirier          0  0  0  -1  2   1  0  0  0  1  0/0    13:11   0:00   0:30 
Jesse Puljujarvi         2  0  2   0  0   5  0  1  1  0  0/0    13:48   0:35   0:00 
Landon Slaggert          0  0  0   0  2   0  3  0  0  1  0/0    12:59   0:00   2:48 
Logan Morrison           0  0  0   0  0   1  0  1  1  0  2/4    15:25   0:00   3:30 
Nate Danielson           0  1  1   0  17  3  2  0  0  2  1/2    14:13   1:26   0:00 
Nathan Gaucher           0  0  0  -1  0   2  0  0  0  0  3/5     8:58   0:45   0:00 
Nikolas Matinpalo        0  0  0   0  0   3  0  0  0  0  0/0    26:37   2:11   5:40 
Rory Kerins              0  2  2   0  0   4  1  1  0  0  13/24  19:12   0:35   5:01 
Skyler Brind'Amour       0  0  0   0  0   1  1  1  1  0  0/0    13:51   0:00   5:01 
Tristen Nielsen          0  0  0  -1  0   1  1  0  0  0  0/0     7:59   0:00   0:00 
Tyson Hinds              0  0  0   0  0   0  0  2  0  0  0/0    20:11   0:35   2:40 
Zachary L'Heureux        0  0  0   0  0   2  1  0  0  0  0/1    14:33   0:35   0:18 

Players Stats for Laval Rocket

Player Name              G  A  P  +/- PIM S  H  SB GA TA FO     MP     PP MP  PK MP  
------------------------------------------------------------------------------------
                         0  0  0   0  0   0  0  0  0  0  0/0     0:00   0:00   0:00 
Colin Miller             0  0  0   0  0   1  2  1  1  2  0/0    24:30   4:22   1:28 
David Spacek             0  0  0   0  0   1  1  1  0  0  0/0    20:56   4:28   1:17 
Dmitri Ovchinnikov       0  0  0   0  0   0  0  0  0  0  0/0     1:54   0:05   0:00 
Ethen Frank              0  1  1   1  0   2  2  0  1  0  0/0    19:07   4:24   0:00 
Felix Unger Sorum        0  0  0   0  5   1  1  0  0  0  0/0     4:27   0:00   0:00 
Fyodor Svechkov          2  1  3   1  0   5  0  0  0  0  1/1    20:49   4:24   1:49 
Gleb Veremyev            0  0  0   0  0   0  0  0  0  1  1/1     4:24   0:27   0:00 
Ian Mitchell             0  0  0   0  0   2  0  2  0  1  0/0    21:34   4:28   1:18 
Jackson Blake            1  2  3   1  0   3  3  1  1  0  11/26  23:11   4:21   0:57 
Justin Hryckowian        2  0  2   0  0   5  2  0  0  0  10/20  19:47   4:21   0:57 
Lian Bichsel             0  0  0   0  4   2  0  0  1  3  0/0    23:37   4:22   0:00 
Martin Chromiak          0  0  0   0  0   5  3  0  0  0  1/2    13:47   0:00   0:00 
Mikko Kokkonen           0  0  0   1  0   0  0  2  0  0  0/0    14:34   0:00   0:01 
Oliver Kapanen           0  0  0   0  0   2  0  0  0  0  1/2    13:56   0:00   0:00 
Olle Lycksell            0  2  2   0  0   2  0  0  2  0  0/0    18:30   4:18   0:00 
Roman Schmidt            0  0  0   1  0   0  1  1  0  0  0/0    15:24   0:00   1:28 
Stephen Halliday         0  0  0   0  0   7  1  0  2  0  6/10   15:36   0:00   1:49 
Vasili Ponomarev         0  0  0   0  0   2  2  1  0  0  5/8    21:08   4:10   0:00 

3 Stars

1 - Fyodor Svechkov (LAV)
2 - Jackson Blake (LAV)
3 - Justin Hryckowian (LAV)

Power Play

Sarnia Sailors - 1 on 2 Attempt(s) - 50.00%
Laval Rocket - 1 on 5 Attempt(s) - 20.00%

Penalty Kill

Sarnia Sailors - 4 on 5 Attempt(s) - 80.00% - Score 0 goal in Penalty Kill
Laval Rocket - 1 on 2 Attempt(s) - 50.00% - Score 0 goal in Penalty Kill

Team Stat

Sarnia Sailors - Hits : 15 - Faceoff Wins : 34 - Blocked Shots : 12 - Penalty Minutes : 25
Laval Rocket - Hits : 18 - Faceoff Wins : 36 - Blocked Shots : 9 - Penalty Minutes : 9

Official

Referees : Brandon Schrader and Wes Mccauley
Linesman : Caleb Apperson and Mitchell Hunt

Game Notes

Nate Danielson beats up Felix Unger Sorum at 4:16 of 3rd period

Sarnia Sailors

5 vs 5 Forward 
   Center                   Left Wing                Right Wing               Time % Phy DF OF 
 1 Brad Lambert             Nate Danielson           Arthur Kaliyev           40     2   1  2  
 2 Rory Kerins              Zachary L'Heureux        Jesse Puljujarvi         30     2   1  2  
 3 Logan Morrison           Skyler Brind'Amour       Landon Slaggert          20     1   2  2  
 4 Nathan Gaucher           Tristen Nielsen          Cole Reinhardt           10     2   1  2  

5 vs 5 Defense 
   Defense                  Defense                                           Time % Phy DF OF 
 1 Nikolas Matinpalo        Declan Chisholm                                   40     1   2  2  
 2 Tyson Hinds              Adam Ginning                                      30     2   1  2  
 3 Jack Rathbone            Jeremie Poirier                                   20     2   2  1  
 4 Tyson Hinds              Declan Chisholm                                   10     1   2  2  

PowerPlay Forward 
   Center                   Left Wing                Right Wing               Time % Phy DF OF 
 1 Brad Lambert             Nate Danielson           Arthur Kaliyev           60     0   1  4  
 2 Rory Kerins              Zachary L'Heureux        Jesse Puljujarvi         40     0   1  4  

PowerPlay Defense
   Defense                  Defense                                           Time % Phy DF OF 
 1 Nikolas Matinpalo        Declan Chisholm                                   60     1   1  3  
 2 Tyson Hinds              Adam Ginning                                      40     2   1  2  

Penalty Kill 4 Players Forward 
   Center                   Wing                     Time % Phy DF OF 
 1 Rory Kerins              Skyler Brind'Amour       60     2   2  1  
 2 Logan Morrison           Landon Slaggert          40     2   2  1  

Penalty Kill 4 Players Defense
   Defense                  Defense                  Time % Phy DF OF 
 1 Nikolas Matinpalo        Declan Chisholm          60     2   1  2  
 2 Tyson Hinds              Adam Ginning             40     2   2  1  

Penalty Kill - 3 Players Forward 
   Forward                                           Time % Phy DF OF 
 1 Rory Kerins                                       60     2   2  1  
 2 Zachary L'Heureux                                 40     2   2  1  

Penalty Kill - 3 Players Defense
   Defense                  Defense                  Time % Phy DF OF 
 1 Nikolas Matinpalo        Declan Chisholm          60     2   1  2  
 2 Tyson Hinds              Adam Ginning             40     2   2  1  

4 vs 4 Forward 
   Center                   Wing                     Time % Phy DF OF 
 1 Brad Lambert             Nate Danielson           60     2   1  2  
 2 Rory Kerins              Zachary L'Heureux        40     2   1  2  

4 vs 4 Defense
   Defense                  Defense                  Time % Phy DF OF 
 1 Nikolas Matinpalo        Declan Chisholm          60     1   2  2  
 2 Tyson Hinds              Adam Ginning             40     2   1  2  

Last Minutes Offensive
   Center                   Left Wing                Right Wing               Defense                  Defense                  
   Brad Lambert             Zachary L'Heureux        Arthur Kaliyev           Nikolas Matinpalo        Declan Chisholm          

Last Minutes Defensive
   Center                   Left Wing                Right Wing               Defense                  Defense                  
   Brad Lambert             Zachary L'Heureux        Arthur Kaliyev           Nikolas Matinpalo        Declan Chisholm          

Goaltenders
Starting : Sebastian Cossa          
Backup : Remi Poirier             

Extra Forwards
Normal : Logan Morrison, Landon Slaggert, Cole Reinhardt - PP : Nathan Gaucher, Tristen Nielsen - PK : Logan Morrison
Extra Defensemen
Normal : Jack Rathbone, Jeremie Poirier, Nikolas Matinpalo - PP : Jack Rathbone - PK : Jack Rathbone, Jeremie Poirier
Penalty Shots
Brad Lambert, Nate Danielson, Arthur Kaliyev, Jesse Puljujarvi, Rory Kerins

Scratches
Samuel Walker (Healthy), Tyler Boucher (Healthy), Lucas Edmonds (Healthy), Ethan Edwards (Healthy), Jett Woo (Healthy)
Dylan Ferguson (Healthy)

Laval Rocket

5 vs 5 Forward 
   Center                   Left Wing                Right Wing               Time % Phy DF OF 
 1 Jackson Blake            Fyodor Svechkov          Ethen Frank              30     1   2  2  
 2 Justin Hryckowian        Vasili Ponomarev         Olle Lycksell            30     1   2  2  
 3 Stephen Halliday         Oliver Kapanen           Martin Chromiak          25     1   2  2  
 4 Vasili Ponomarev         Jackson Blake            Felix Unger Sorum        15     1   2  2  

5 vs 5 Defense 
   Defense                  Defense                                           Time % Phy DF OF 
 1 Lian Bichsel             Colin Miller                                      30     1   2  2  
 2 Ian Mitchell             David Spacek                                      30     1   2  2  
 3 Mikko Kokkonen           Roman Schmidt                                     25     1   2  2  
 4 Lian Bichsel             Colin Miller                                      15     1   2  2  

PowerPlay Forward 
   Center                   Left Wing                Right Wing               Time % Phy DF OF 
 1 Jackson Blake            Fyodor Svechkov          Ethen Frank              50     1   2  2  
 2 Justin Hryckowian        Vasili Ponomarev         Olle Lycksell            50     1   2  2  

PowerPlay Defense
   Defense                  Defense                                           Time % Phy DF OF 
 1 Lian Bichsel             Colin Miller                                      50     1   2  2  
 2 Ian Mitchell             David Spacek                                      50     1   2  2  

Penalty Kill 4 Players Forward 
   Center                   Wing                     Time % Phy DF OF 
 1 Jackson Blake            Justin Hryckowian        50     1   2  2  
 2 Fyodor Svechkov          Stephen Halliday         50     1   2  2  

Penalty Kill 4 Players Defense
   Defense                  Defense                  Time % Phy DF OF 
 1 Lian Bichsel             Colin Miller             50     1   2  2  
 2 Ian Mitchell             David Spacek             50     1   2  2  

Penalty Kill - 3 Players Forward 
   Forward                                           Time % Phy DF OF 
 1 Jackson Blake                                     50     1   2  2  
 2 Justin Hryckowian                                 50     1   2  2  

Penalty Kill - 3 Players Defense
   Defense                  Defense                  Time % Phy DF OF 
 1 Lian Bichsel             Colin Miller             50     1   2  2  
 2 Ian Mitchell             David Spacek             50     1   2  2  

4 vs 4 Forward 
   Center                   Wing                     Time % Phy DF OF 
 1 Jackson Blake            Justin Hryckowian        50     1   2  2  
 2 Fyodor Svechkov          Stephen Halliday         50     1   2  2  

4 vs 4 Defense
   Defense                  Defense                  Time % Phy DF OF 
 1 Lian Bichsel             Colin Miller             50     1   2  2  
 2 Ian Mitchell             David Spacek             50     1   2  2  

Last Minutes Offensive
   Center                   Left Wing                Right Wing               Defense                  Defense                  
   Jackson Blake            Fyodor Svechkov          Ethen Frank              Lian Bichsel             Colin Miller             

Last Minutes Defensive
   Center                   Left Wing                Right Wing               Defense                  Defense                  
   Jackson Blake            Fyodor Svechkov          Ethen Frank              Lian Bichsel             Colin Miller             

Goaltenders
Starting : Jet Greaves              
Backup : Alexei Kolosov           

Extra Forwards
Normal : Gleb Veremyev, Dmitri Ovchinnikov, Oliver Kapanen - PP : Gleb Veremyev, Dmitri Ovchinnikov - PK : Oliver Kapanen
Extra Defensemen
Normal : Mikko Kokkonen, Roman Schmidt, Ian Mitchell - PP : Mikko Kokkonen - PK : Roman Schmidt, Ian Mitchell
Penalty Shots
Jackson Blake, Justin Hryckowian, Fyodor Svechkov, Stephen Halliday, Ethen Frank

Scratches
Tobias Bjornfot (Healthy), Matt Stienburg (Healthy), Mikulas Hovorka (Healthy), Trey Taylor (Healthy), Zach Sawchenko (Healthy)
Calle Clang (Healthy), Callum Tung (Healthy), Pavel Cajan (Healthy)

% Time on Ice - Sarnia Sailors

Lines # - Real PCT - Wanted PCT - Time Play
Normal Forward
1 - 38% - 40% - 18:01
2 - 29% - 30% - 13:45
3 - 17% - 20% - 8:17
4 - 17% - 10% - 7:59
Normal Defense
1 - 39% - 40% - 18:49
2 - 31% - 30% - 14:57
3 - 26% - 20% - 12:17
4 - 4% - 10% - 1:59
PP Forward
1 - 79% - 60% - 2:11
2 - 21% - 40% - 0:35
PP Defense
1 - 79% - 60% - 2:11
2 - 21% - 40% - 0:35
PK Forward
1 - 68% - 60% - 6:02
2 - 32% - 40% - 2:48
PK Defense
1 - 68% - 60% - 6:01
2 - 32% - 40% - 2:49
PK3 Forward
1 - 0% - 60%
2 - 0% - 40%
PK3 Defense
1 - 0% - 60%
2 - 0% - 40%
44 Forward
1 - 0% - 60%
2 - 0% - 40%
44 Defense
1 - 0% - 60%
2 - 0% - 40%
Last Minute Offensive  - 0:22
Last Minute Defensive  - 0:00
Total
Forward - 60:00
Defense - 60:00

% Time on Ice - Laval Rocket

Lines # - Real PCT - Wanted PCT - Time Play
Normal Forward
1 - 30% - 30% - 13:59
2 - 31% - 30% - 14:30
3 - 29% - 25% - 13:47
4 - 10% - 15% - 4:54
Normal Defense
1 - 29% - 30% - 13:45
2 - 30% - 30% - 14:19
3 - 30% - 25% - 13:56
4 - 11% - 15% - 5:10
PP Forward
1 - 50% - 50% - 4:24
2 - 50% - 50% - 4:26
PP Defense
1 - 49% - 50% - 4:22
2 - 51% - 50% - 4:28
PK Forward
1 - 34% - 50% - 0:57
2 - 66% - 50% - 1:49
PK Defense
1 - 54% - 50% - 1:29
2 - 46% - 50% - 1:17
PK3 Forward
1 - 0% - 50%
2 - 0% - 50%
PK3 Defense
1 - 0% - 50%
2 - 0% - 50%
44 Forward
1 - 0% - 50%
2 - 0% - 50%
44 Defense
1 - 0% - 50%
2 - 0% - 50%
Last Minute Offensive  - 0:00
Last Minute Defensive  - 1:14
Total
Forward - 60:00
Defense - 60:00

Play-by-Play

1st period


0:01 of 1st period - Jackson Blake wins face-off versus Brad Lambert in neutral zone.
0:14 of 1st period - Wrist shot by Nate Danielson.
0:14 of 1st period - Shot Misses the Net.
0:16 of 1st period - Snap shot by Arthur Kaliyev.
0:16 of 1st period - Stopped by Jet Greaves with a rebound.
0:30 of 1st period - Off-side.
0:31 of 1st period - Vasili Ponomarev wins face-off versus Logan Morrison in neutral zone.
0:46 of 1st period - Slapshot by Justin Hryckowian.
0:46 of 1st period - Stopped by Sebastian Cossa with a rebound.
0:48 of 1st period - Slapshot by Ian Mitchell.
0:48 of 1st period - Shot Misses the Net.
0:50 of 1st period - Snap shot by Vasili Ponomarev.
0:50 of 1st period - Shot Misses the Net.
0:52 of 1st period - Wrist shot by Vasili Ponomarev.
0:52 of 1st period - Stopped by Sebastian Cossa with a rebound.
1:00 of 1st period - Backhand shot by Olle Lycksell.
1:00 of 1st period - Stopped by Sebastian Cossa without a rebound.
1:01 of 1st period - Martin Chromiak wins face-off versus Rory Kerins in Sarnia Sailors zone.
1:08 of 1st period - Snap shot by Oliver Kapanen.
1:08 of 1st period - Shot Blocked by Rory Kerins.
1:26 of 1st period - Fyodor Svechkov is hit by Brad Lambert and loses puck.
2:06 of 1st period - Tyson Hinds is hit by Felix Unger Sorum and loses puck.
2:45 of 1st period - Snap shot by Brad Lambert.
2:45 of 1st period - Shot Blocked by Ian Mitchell.
3:05 of 1st period - Wrist shot by Justin Hryckowian.
3:05 of 1st period - Shot Misses the Net.
3:11 of 1st period - Minor Penalty to Cole Reinhardt for Tripping.
3:12 of 1st period - Rory Kerins wins face-off versus Justin Hryckowian in Sarnia Sailors zone.
3:15 of 1st period - Snap shot by Olle Lycksell.
3:15 of 1st period - Shot Misses the Net.
3:23 of 1st period - Lian Bichsel is hit by Skyler Brind'Amour and loses puck.
3:42 of 1st period - Declan Chisholm is hit by Colin Miller and loses puck.
5:02 of 1st period - Icing by Colin Miller.
5:03 of 1st period - Jackson Blake wins face-off versus Brad Lambert in Laval Rocket zone.
5:11 of 1st period - Penalty to Cole Reinhardt is over, Cole Reinhardt is back on ice.
5:27 of 1st period - Slapshot by Martin Chromiak.
5:27 of 1st period - Shot Blocked by Jack Rathbone.
5:37 of 1st period - Mikko Kokkonen is hit by Rory Kerins and loses puck.
6:00 of 1st period - Roman Schmidt is hit by Tristen Nielsen and loses puck.
6:13 of 1st period - Snap shot by Tristen Nielsen.
6:13 of 1st period - Shot Blocked by Mikko Kokkonen.
9:03 of 1st period - Stephen Halliday is hit by Arthur Kaliyev and loses puck.
9:24 of 1st period - Justin Hryckowian is hit by Zachary L'Heureux and loses puck.
10:52 of 1st period - Minor Penalty to Landon Slaggert for Boarding.
10:53 of 1st period - Rory Kerins wins face-off versus Justin Hryckowian in Sarnia Sailors zone.
12:52 of 1st period - Penalty to Landon Slaggert is over, Landon Slaggert is back on ice.
12:57 of 1st period - Icing by Landon Slaggert.
12:58 of 1st period - Rory Kerins wins face-off versus Martin Chromiak in Sarnia Sailors zone.
13:16 of 1st period - Minor Penalty to Jeremie Poirier for Slashing.
13:17 of 1st period - Rory Kerins wins face-off versus Jackson Blake in Sarnia Sailors zone.
13:33 of 1st period - Snap shot by Fyodor Svechkov.
13:33 of 1st period - Shot Misses the Net.
13:51 of 1st period - Wrist shot by Landon Slaggert.
13:51 of 1st period - Shot Misses the Net.
13:58 of 1st period - Icing by Ian Mitchell.
13:59 of 1st period - Jackson Blake wins face-off versus Rory Kerins in Laval Rocket zone.
14:10 of 1st period - Snap shot by Jackson Blake.
14:10 of 1st period - Goal by Jackson Blake - Sarnia Sailors : 0 - Laval Rocket : 1.
14:11 of 1st period - Jackson Blake wins face-off versus Brad Lambert in neutral zone.
14:36 of 1st period - Declan Chisholm is hit by Justin Hryckowian and loses puck.
15:10 of 1st period - Icing by Tyson Hinds.
15:11 of 1st period - Logan Morrison wins face-off versus Jackson Blake in Sarnia Sailors zone.
15:53 of 1st period - Wrist shot by Stephen Halliday.
15:53 of 1st period - Deflect By Rory Kerins.
15:53 of 1st period - Stopped by Sebastian Cossa with a rebound.
15:55 of 1st period - Wrist shot by Stephen Halliday.
15:55 of 1st period - Stopped by Sebastian Cossa without a rebound.
15:56 of 1st period - Rory Kerins wins face-off versus Stephen Halliday in Sarnia Sailors zone.
16:03 of 1st period - Wrist shot by Stephen Halliday.
16:03 of 1st period - Deflect By Rory Kerins.
16:03 of 1st period - Stopped by Sebastian Cossa without a rebound.
16:04 of 1st period - Jackson Blake wins face-off versus Brad Lambert in Sarnia Sailors zone.
16:17 of 1st period - Wrist shot by Ethen Frank.
16:17 of 1st period - Shot Misses the Net.
16:19 of 1st period - Snap shot by Fyodor Svechkov.
16:19 of 1st period - Shot Misses the Net.
16:37 of 1st period - Wrist shot by Olle Lycksell.
16:37 of 1st period - Shot Misses the Net.
16:39 of 1st period - Slapshot by Lian Bichsel.
16:39 of 1st period - Stopped by Sebastian Cossa without a rebound.
16:40 of 1st period - Jackson Blake wins face-off versus Brad Lambert in Sarnia Sailors zone.
16:46 of 1st period - Icing by Jeremie Poirier.
16:47 of 1st period - Jackson Blake wins face-off versus Brad Lambert in Sarnia Sailors zone.
16:48 of 1st period - Snap shot by Ethen Frank.
16:48 of 1st period - Stopped by Sebastian Cossa with a rebound.
16:58 of 1st period - Snap shot by Arthur Kaliyev.
16:58 of 1st period - Deflect By Ethen Frank.
16:58 of 1st period - Stopped by Jet Greaves without a rebound.
16:59 of 1st period - Brad Lambert wins face-off versus Vasili Ponomarev in Laval Rocket zone.
17:02 of 1st period - Snap shot by Arthur Kaliyev.
17:02 of 1st period - Shot Blocked by Jackson Blake.
17:15 of 1st period - Snap shot by Jackson Blake.
17:15 of 1st period - Shot Blocked by Declan Chisholm.
17:25 of 1st period - Declan Chisholm is hit by Stephen Halliday and loses puck.
18:09 of 1st period - Justin Hryckowian is hit by Cole Reinhardt and loses puck.
18:22 of 1st period - Brad Lambert is hit by Martin Chromiak and loses puck.
19:05 of 1st period - Slapshot by Brad Lambert.
19:05 of 1st period - Stopped by Jet Greaves with a rebound.
Goals for this period are 0 for Sarnia Sailors vs 1 for Laval Rocket.
Shots for this period are 3 for Sarnia Sailors vs 9 for Laval Rocket.

2nd period


0:01 of 2nd period - Vasili Ponomarev wins face-off versus Brad Lambert in neutral zone.
0:08 of 2nd period - Slapshot by Arthur Kaliyev.
0:08 of 2nd period - Shot Misses the Net.
0:12 of 2nd period - Slapshot by Brad Lambert.
0:12 of 2nd period - Shot Misses the Net.
0:14 of 2nd period - Snap shot by Nate Danielson.
0:14 of 2nd period - Stopped by Jet Greaves without a rebound.
0:15 of 2nd period - Justin Hryckowian wins face-off versus Rory Kerins in Laval Rocket zone.
0:22 of 2nd period - Snap shot by Rory Kerins.
0:22 of 2nd period - Stopped by Jet Greaves with a rebound.
0:24 of 2nd period - Wrist shot by Rory Kerins.
0:24 of 2nd period - Stopped by Jet Greaves without a rebound.
0:25 of 2nd period - Justin Hryckowian wins face-off versus Rory Kerins in Laval Rocket zone.
0:32 of 2nd period - Wrist shot by Rory Kerins.
0:32 of 2nd period - Stopped by Jet Greaves with a rebound.
0:34 of 2nd period - Slapshot by Jesse Puljujarvi.
0:34 of 2nd period - Goal by Jesse Puljujarvi - Sarnia Sailors : 1 - Laval Rocket : 1.
0:35 of 2nd period - Brad Lambert wins face-off versus Jackson Blake in neutral zone.
0:40 of 2nd period - Slapshot by Nikolas Matinpalo.
0:40 of 2nd period - Shot Misses the Net.
0:42 of 2nd period - Wrist shot by Brad Lambert.
0:42 of 2nd period - Stopped by Jet Greaves with a rebound.
0:44 of 2nd period - Snap shot by Declan Chisholm.
0:44 of 2nd period - Stopped by Jet Greaves without a rebound.
0:45 of 2nd period - Brad Lambert wins face-off versus Jackson Blake in Laval Rocket zone.
0:48 of 2nd period - Snap shot by Brad Lambert.
0:48 of 2nd period - Shot Misses the Net.
0:50 of 2nd period - Snap shot by Brad Lambert.
0:50 of 2nd period - Goal by Brad Lambert - Sarnia Sailors : 2 - Laval Rocket : 1.
0:51 of 2nd period - Vasili Ponomarev wins face-off versus Rory Kerins in neutral zone.
0:53 of 2nd period - Minor Penalty to Lian Bichsel for Slashing.
0:54 of 2nd period - Nate Danielson wins face-off versus Justin Hryckowian in Laval Rocket zone.
1:43 of 2nd period - Wrist shot by Nate Danielson.
1:43 of 2nd period - Shot Misses the Net.
1:45 of 2nd period - Wrist shot by Nate Danielson.
1:45 of 2nd period - Stopped by Jet Greaves with a rebound.
1:47 of 2nd period - Snap shot by Arthur Kaliyev.
1:47 of 2nd period - Shot Blocked by Roman Schmidt.
1:49 of 2nd period - Snap shot by Nate Danielson.
1:49 of 2nd period - Shot Misses the Net.
1:57 of 2nd period - Wrist shot by Arthur Kaliyev.
1:57 of 2nd period - Deflect By Nate Danielson.
1:57 of 2nd period - Stopped by Jet Greaves with a rebound.
1:59 of 2nd period - Slapshot by Arthur Kaliyev.
1:59 of 2nd period - Shot Misses the Net.
2:01 of 2nd period - Slapshot by Declan Chisholm.
2:01 of 2nd period - Shot Blocked by Colin Miller.
2:19 of 2nd period - Snap shot by Arthur Kaliyev.
2:19 of 2nd period - Stopped by Jet Greaves without a rebound.
2:20 of 2nd period - Rory Kerins wins face-off versus Jackson Blake in Laval Rocket zone.
2:25 of 2nd period - Snap shot by Jesse Puljujarvi.
2:25 of 2nd period - Stopped by Jet Greaves with a rebound.
2:27 of 2nd period - Snap shot by Rory Kerins.
2:27 of 2nd period - Shot Misses the Net.
2:29 of 2nd period - Wrist shot by Jesse Puljujarvi.
2:29 of 2nd period - Stopped by Jet Greaves with a rebound.
2:53 of 2nd period - Penalty to Lian Bichsel is over, Lian Bichsel is back on ice.
3:13 of 2nd period - Snap shot by Jackson Blake.
3:13 of 2nd period - Shot Misses the Net.
3:15 of 2nd period - Snap shot by Justin Hryckowian.
3:15 of 2nd period - Stopped by Sebastian Cossa with a rebound.
3:17 of 2nd period - Wrist shot by Lian Bichsel.
3:17 of 2nd period - Shot Blocked by Skyler Brind'Amour.
3:23 of 2nd period - Snap shot by Jackson Blake.
3:23 of 2nd period - Shot Misses the Net.
3:25 of 2nd period - Slapshot by Lian Bichsel.
3:25 of 2nd period - Shot Misses the Net.
3:27 of 2nd period - Wrist shot by Justin Hryckowian.
3:27 of 2nd period - Deflect By Jackson Blake.
3:27 of 2nd period - Stopped by Sebastian Cossa with a rebound.
3:29 of 2nd period - Slapshot by Ian Mitchell.
3:29 of 2nd period - Deflect By Justin Hryckowian.
3:29 of 2nd period - Stopped by Sebastian Cossa without a rebound.
3:30 of 2nd period - Nathan Gaucher wins face-off versus Stephen Halliday in Sarnia Sailors zone.
3:56 of 2nd period - Jeremie Poirier is hit by Colin Miller and loses puck.
4:03 of 2nd period - Snap shot by Felix Unger Sorum.
4:03 of 2nd period - Stopped by Sebastian Cossa with a rebound.
4:22 of 2nd period - Snap shot by Ethen Frank.
4:22 of 2nd period - Stopped by Sebastian Cossa without a rebound.
4:23 of 2nd period - Oliver Kapanen wins face-off versus Brad Lambert in Sarnia Sailors zone.
4:52 of 2nd period - Snap shot by Olle Lycksell.
4:52 of 2nd period - Shot Blocked by Tyson Hinds.
5:13 of 2nd period - Ian Mitchell is hit by Cole Reinhardt and loses puck.
5:20 of 2nd period - Snap shot by Nathan Gaucher.
5:20 of 2nd period - Deflect By Cole Reinhardt.
5:20 of 2nd period - Stopped by Jet Greaves with a rebound.
6:14 of 2nd period - Martin Chromiak is hit by Landon Slaggert and loses puck.
6:19 of 2nd period - Snap shot by Landon Slaggert.
6:19 of 2nd period - Shot Misses the Net.
6:45 of 2nd period - Slapshot by Jesse Puljujarvi.
6:45 of 2nd period - Deflect By Rory Kerins.
6:45 of 2nd period - Stopped by Jet Greaves without a rebound.
6:46 of 2nd period - Rory Kerins wins face-off versus Jackson Blake in Laval Rocket zone.
7:08 of 2nd period - Icing by Mikko Kokkonen.
7:09 of 2nd period - Justin Hryckowian wins face-off versus Brad Lambert in Laval Rocket zone.
7:20 of 2nd period - Wrist shot by Justin Hryckowian.
7:20 of 2nd period - Goal by Justin Hryckowian - Sarnia Sailors : 2 - Laval Rocket : 2.
7:21 of 2nd period - Justin Hryckowian wins face-off versus Brad Lambert in neutral zone.
7:24 of 2nd period - Snap shot by Colin Miller.
7:24 of 2nd period - Stopped by Sebastian Cossa without a rebound.
7:25 of 2nd period - Brad Lambert wins face-off versus Justin Hryckowian in Sarnia Sailors zone.
7:25 of 2nd period - Brad Lambert is hit by Vasili Ponomarev.
7:28 of 2nd period - Minor Penalty to Brad Lambert for Holding.
7:29 of 2nd period - Justin Hryckowian wins face-off versus Rory Kerins in Sarnia Sailors zone.
9:28 of 2nd period - Penalty to Brad Lambert is over, Brad Lambert is back on ice.
9:32 of 2nd period - Snap shot by Martin Chromiak.
9:32 of 2nd period - Stopped by Sebastian Cossa with a rebound.
9:42 of 2nd period - Wrist shot by Oliver Kapanen.
9:42 of 2nd period - Deflect By Nikolas Matinpalo.
9:42 of 2nd period - Shot Blocked by Brad Lambert.
9:42 of 2nd period - Puck is out of play.
9:43 of 2nd period - Stephen Halliday wins face-off versus Nate Danielson in Sarnia Sailors zone.
9:48 of 2nd period - Slapshot by Martin Chromiak.
9:48 of 2nd period - Stopped by Sebastian Cossa with a rebound.
9:50 of 2nd period - Slapshot by Stephen Halliday.
9:50 of 2nd period - Stopped by Sebastian Cossa without a rebound.
9:51 of 2nd period - Brad Lambert wins face-off versus Stephen Halliday in Sarnia Sailors zone.
9:58 of 2nd period - Wrist shot by Nate Danielson.
9:58 of 2nd period - Shot Misses the Net.
10:18 of 2nd period - Snap shot by Brad Lambert.
10:18 of 2nd period - Shot Blocked by Mikko Kokkonen.
10:21 of 2nd period - Icing by Stephen Halliday.
10:22 of 2nd period - Stephen Halliday wins face-off versus Rory Kerins in Laval Rocket zone.
11:03 of 2nd period - Wrist shot by Stephen Halliday.
11:03 of 2nd period - Stopped by Sebastian Cossa with a rebound.
11:05 of 2nd period - Slapshot by Roman Schmidt.
11:05 of 2nd period - Shot Blocked by Jack Rathbone.
11:34 of 2nd period - Slapshot by Oliver Kapanen.
11:34 of 2nd period - Shot Misses the Net.
11:36 of 2nd period - Snap shot by Martin Chromiak.
11:36 of 2nd period - Stopped by Sebastian Cossa with a rebound.
11:50 of 2nd period - Wrist shot by Jesse Puljujarvi.
11:50 of 2nd period - Shot Misses the Net.
11:55 of 2nd period - Off-side.
11:56 of 2nd period - Justin Hryckowian wins face-off versus Brad Lambert in neutral zone.
12:30 of 2nd period - Wrist shot by Logan Morrison.
12:30 of 2nd period - Stopped by Jet Greaves without a rebound.
12:31 of 2nd period - Brad Lambert wins face-off versus Jackson Blake in Laval Rocket zone.
12:36 of 2nd period - Slapshot by Arthur Kaliyev.
12:36 of 2nd period - Shot Misses the Net.
13:36 of 2nd period - Slapshot by Declan Chisholm.
13:36 of 2nd period - Deflect By Vasili Ponomarev.
13:36 of 2nd period - Stopped by Jet Greaves with a rebound.
13:38 of 2nd period - Snap shot by Arthur Kaliyev.
13:38 of 2nd period - Shot Misses the Net.
13:40 of 2nd period - Wrist shot by Brad Lambert.
13:40 of 2nd period - Shot Misses the Net.
14:11 of 2nd period - Landon Slaggert is hit by Justin Hryckowian.
14:17 of 2nd period - Snap shot by Logan Morrison.
14:17 of 2nd period - Shot Misses the Net.
15:07 of 2nd period - Oliver Kapanen is hit by Brad Lambert and loses puck.
15:42 of 2nd period - Justin Hryckowian is hit by Landon Slaggert and loses puck.
16:14 of 2nd period - Off-side.
16:15 of 2nd period - Gleb Veremyev wins face-off versus Rory Kerins in neutral zone.
16:18 of 2nd period - Slapshot by Ian Mitchell.
16:18 of 2nd period - Stopped by Sebastian Cossa with a rebound.
16:41 of 2nd period - Nate Danielson is hit by David Spacek and loses puck.
16:48 of 2nd period - Justin Hryckowian is hit by Nate Danielson and loses puck.
17:41 of 2nd period - Rory Kerins is hit by Ethen Frank and loses puck.
18:58 of 2nd period - Snap shot by Brad Lambert.
18:58 of 2nd period - Shot Misses the Net.
19:35 of 2nd period - Slapshot by Declan Chisholm.
19:35 of 2nd period - Shot Blocked by Vasili Ponomarev.
Goals for this period are 2 for Sarnia Sailors vs 1 for Laval Rocket.
Shots for this period are 17 for Sarnia Sailors vs 13 for Laval Rocket.

3rd period


0:01 of 3rd period - Brad Lambert wins face-off versus Justin Hryckowian in neutral zone.
0:06 of 3rd period - Snap shot by Brad Lambert.
0:06 of 3rd period - Stopped by Jet Greaves without a rebound.
0:07 of 3rd period - Brad Lambert wins face-off versus Justin Hryckowian in Laval Rocket zone.
0:12 of 3rd period - Snap shot by Brad Lambert.
0:12 of 3rd period - Goal by Brad Lambert - Sarnia Sailors : 3 - Laval Rocket : 2.
0:13 of 3rd period - Brad Lambert wins face-off versus Justin Hryckowian in neutral zone.
0:16 of 3rd period - Wrist shot by Nikolas Matinpalo.
0:16 of 3rd period - Shot Misses the Net.
0:18 of 3rd period - Slapshot by Nikolas Matinpalo.
0:18 of 3rd period - Stopped by Jet Greaves without a rebound.
0:19 of 3rd period - Brad Lambert wins face-off versus Justin Hryckowian in Laval Rocket zone.
0:49 of 3rd period - Off-side.
0:50 of 3rd period - Rory Kerins wins face-off versus Jackson Blake in neutral zone.
0:59 of 3rd period - Snap shot by Rory Kerins.
0:59 of 3rd period - Deflect By Jesse Puljujarvi.
0:59 of 3rd period - Shot Blocked by David Spacek.
0:59 of 3rd period - Puck is out of play.
1:00 of 3rd period - Rory Kerins wins face-off versus Jackson Blake in Laval Rocket zone.
1:01 of 3rd period - Slapshot by Zachary L'Heureux.
1:01 of 3rd period - Stopped by Jet Greaves with a rebound.
1:03 of 3rd period - Slapshot by Adam Ginning.
1:03 of 3rd period - Stopped by Jet Greaves without a rebound.
1:04 of 3rd period - Brad Lambert wins face-off versus Vasili Ponomarev in Laval Rocket zone.
1:05 of 3rd period - Wrist shot by Arthur Kaliyev.
1:05 of 3rd period - Deflect By Vasili Ponomarev.
1:05 of 3rd period - Stopped by Jet Greaves without a rebound.
1:06 of 3rd period - Vasili Ponomarev wins face-off versus Arthur Kaliyev in Laval Rocket zone.
1:13 of 3rd period - Slapshot by Colin Miller.
1:13 of 3rd period - Shot Hit the Post.
1:33 of 3rd period - Snap shot by Jesse Puljujarvi.
1:33 of 3rd period - Stopped by Jet Greaves with a rebound.
1:35 of 3rd period - Slapshot by Nikolas Matinpalo.
1:35 of 3rd period - Stopped by Jet Greaves without a rebound.
1:36 of 3rd period - Justin Hryckowian wins face-off versus Zachary L'Heureux in Laval Rocket zone.
2:01 of 3rd period - David Spacek is hit by Nate Danielson.
2:18 of 3rd period - Icing by Nikolas Matinpalo.
2:19 of 3rd period - Stephen Halliday wins face-off versus Logan Morrison in Sarnia Sailors zone.
2:20 of 3rd period - Slapshot by Oliver Kapanen.
2:20 of 3rd period - Deflect By Stephen Halliday.
2:20 of 3rd period - Shot Blocked by Logan Morrison.
2:20 of 3rd period - Puck is out of play.
2:21 of 3rd period - Logan Morrison wins face-off versus Stephen Halliday in Sarnia Sailors zone.
3:09 of 3rd period - Icing by David Spacek.
3:10 of 3rd period - Jackson Blake wins face-off versus Rory Kerins in Laval Rocket zone.
3:15 of 3rd period - Slapshot by Ian Mitchell.
3:15 of 3rd period - Shot Blocked by Adam Ginning.
3:40 of 3rd period - Snap shot by Jackson Blake.
3:40 of 3rd period - Shot Misses the Net.
3:42 of 3rd period - Slapshot by Colin Miller.
3:42 of 3rd period - Deflect By Jackson Blake.
3:42 of 3rd period - Shot Misses the Net.
3:42 of 3rd period - Puck is out of play.
3:43 of 3rd period - Justin Hryckowian wins face-off versus Brad Lambert in Sarnia Sailors zone.
3:56 of 3rd period - Slapshot by Justin Hryckowian.
3:56 of 3rd period - Goal by Justin Hryckowian - Sarnia Sailors : 3 - Laval Rocket : 3.
3:57 of 3rd period - Vasili Ponomarev wins face-off versus Brad Lambert in neutral zone.
4:14 of 3rd period - Lian Bichsel is hit by Brad Lambert and loses puck.
4:16 of 3rd period - Nate Danielson beats up Felix Unger Sorum.
4:16 of 3rd period - Penalty to Felix Unger Sorum for Fighting.
4:16 of 3rd period - Penalty to Nate Danielson for Fighting.
4:16 of 3rd period - Penalty to Nate Danielson for instigated a fight.
4:16 of 3rd period - Penalty to Nate Danielson for instigated a fight.
4:17 of 3rd period - Rory Kerins wins face-off versus Jackson Blake in Laval Rocket zone.
4:26 of 3rd period - Snap shot by Skyler Brind'Amour.
4:26 of 3rd period - Stopped by Jet Greaves with a rebound.
4:28 of 3rd period - Slapshot by Declan Chisholm.
4:28 of 3rd period - Deflect By Ethen Frank.
4:28 of 3rd period - Stopped by Jet Greaves without a rebound.
4:29 of 3rd period - Justin Hryckowian wins face-off versus Rory Kerins in Laval Rocket zone.
4:34 of 3rd period - Skyler Brind'Amour is hit by Vasili Ponomarev and loses puck.
4:41 of 3rd period - Snap shot by Vasili Ponomarev.
4:41 of 3rd period - Stopped by Sebastian Cossa without a rebound.
4:42 of 3rd period - Rory Kerins wins face-off versus Jackson Blake in Sarnia Sailors zone.
4:53 of 3rd period - Slapshot by Fyodor Svechkov.
4:53 of 3rd period - Shot Misses the Net.
4:55 of 3rd period - Snap shot by Colin Miller.
4:55 of 3rd period - Shot Misses the Net.
4:57 of 3rd period - Snap shot by Fyodor Svechkov.
4:57 of 3rd period - Shot Misses the Net.
6:16 of 3rd period - Penalty to Nate Danielson is over, Arthur Kaliyev is send on ice.
6:35 of 3rd period - Tyson Hinds is hit by Martin Chromiak and loses puck.
8:02 of 3rd period - Icing by Declan Chisholm.
8:03 of 3rd period - Fyodor Svechkov wins face-off versus Nathan Gaucher in Sarnia Sailors zone.
8:08 of 3rd period - Snap shot by Fyodor Svechkov.
8:08 of 3rd period - Stopped by Sebastian Cossa without a rebound.
8:09 of 3rd period - Jackson Blake wins face-off versus Nathan Gaucher in Sarnia Sailors zone.
8:12 of 3rd period - Snap shot by Fyodor Svechkov.
8:12 of 3rd period - Stopped by Sebastian Cossa with a rebound.
8:14 of 3rd period - Backhand shot by Fyodor Svechkov.
8:14 of 3rd period - Stopped by Sebastian Cossa with a rebound.
8:16 of 3rd period - Snap shot by Fyodor Svechkov.
8:16 of 3rd period - Goal by Fyodor Svechkov - Sarnia Sailors : 3 - Laval Rocket : 4.
8:17 of 3rd period - Brad Lambert wins face-off versus Justin Hryckowian in neutral zone.
8:42 of 3rd period - Declan Chisholm is hit by Jackson Blake and loses puck.
9:44 of 3rd period - Snap shot by Fyodor Svechkov.
9:44 of 3rd period - Shot Misses the Net.
10:33 of 3rd period - Snap shot by Olle Lycksell.
10:33 of 3rd period - Stopped by Sebastian Cossa with a rebound.
10:41 of 3rd period - Roman Schmidt is hit by Landon Slaggert and loses puck.
10:45 of 3rd period - Icing by Roman Schmidt.
10:46 of 3rd period - Rory Kerins wins face-off versus Justin Hryckowian in Laval Rocket zone.
10:55 of 3rd period - Wrist shot by Jesse Puljujarvi.
10:55 of 3rd period - Shot Misses the Net.
10:58 of 3rd period - Icing by Mikko Kokkonen.
10:59 of 3rd period - Justin Hryckowian wins face-off versus Brad Lambert in Laval Rocket zone.
11:04 of 3rd period - Wrist shot by Brad Lambert.
11:04 of 3rd period - Stopped by Jet Greaves with a rebound.
11:18 of 3rd period - Logan Morrison is hit by Roman Schmidt and loses puck.
11:35 of 3rd period - Snap shot by Ethen Frank.
11:35 of 3rd period - Shot Blocked by Adam Ginning.
11:37 of 3rd period - Slapshot by Lian Bichsel.
11:37 of 3rd period - Shot Misses the Net.
11:39 of 3rd period - Wrist shot by Fyodor Svechkov.
11:39 of 3rd period - Shot Misses the Net.
11:41 of 3rd period - Snap shot by Jackson Blake.
11:41 of 3rd period - Shot Blocked by Tyson Hinds.
11:43 of 3rd period - Snap shot by Lian Bichsel.
11:43 of 3rd period - Stopped by Sebastian Cossa without a rebound.
11:44 of 3rd period - Nathan Gaucher wins face-off versus Oliver Kapanen in Sarnia Sailors zone.
11:44 of 3rd period - Nathan Gaucher is hit by Martin Chromiak.
11:55 of 3rd period - Minor Penalty to Lian Bichsel for Tripping.
11:56 of 3rd period - Nathan Gaucher wins face-off versus Jackson Blake in Laval Rocket zone.
12:04 of 3rd period - Wrist shot by Brad Lambert.
12:04 of 3rd period - Stopped by Jet Greaves without a rebound.
12:05 of 3rd period - Jackson Blake wins face-off versus Brad Lambert in Laval Rocket zone.
12:28 of 3rd period - Slapshot by Arthur Kaliyev.
12:28 of 3rd period - Shot Misses the Net.
12:38 of 3rd period - Snap shot by Brad Lambert.
12:38 of 3rd period - Shot Blocked by Ian Mitchell.
12:40 of 3rd period - Slapshot by Declan Chisholm.
12:40 of 3rd period - Deflect By Arthur Kaliyev.
12:40 of 3rd period - Stopped by Jet Greaves without a rebound.
12:41 of 3rd period - Rory Kerins wins face-off versus Jackson Blake in Laval Rocket zone.
12:42 of 3rd period - Slapshot by Jesse Puljujarvi.
12:42 of 3rd period - Goal by Jesse Puljujarvi - Sarnia Sailors : 4 - Laval Rocket : 4.
12:43 of 3rd period - Brad Lambert wins face-off versus Jackson Blake in neutral zone.
12:48 of 3rd period - Slapshot by Nikolas Matinpalo.
12:48 of 3rd period - Stopped by Jet Greaves with a rebound.
12:50 of 3rd period - Slapshot by Arthur Kaliyev.
12:50 of 3rd period - Shot Misses the Net.
12:52 of 3rd period - Slapshot by Declan Chisholm.
12:52 of 3rd period - Shot Misses the Net.
13:13 of 3rd period - Snap shot by Justin Hryckowian.
13:13 of 3rd period - Shot Misses the Net.
13:19 of 3rd period - Snap shot by Olle Lycksell.
13:19 of 3rd period - Deflect By Justin Hryckowian.
13:19 of 3rd period - Shot Misses the Net.
13:19 of 3rd period - Puck is out of play.
13:20 of 3rd period - Stephen Halliday wins face-off versus Arthur Kaliyev in Sarnia Sailors zone.
13:21 of 3rd period - Snap shot by Oliver Kapanen.
13:21 of 3rd period - Stopped by Sebastian Cossa with a rebound.
13:23 of 3rd period - Wrist shot by Stephen Halliday.
13:23 of 3rd period - Deflect By Martin Chromiak.
13:23 of 3rd period - Stopped by Sebastian Cossa with a rebound.
13:25 of 3rd period - Slapshot by Ian Mitchell.
13:25 of 3rd period - Stopped by Sebastian Cossa with a rebound.
13:27 of 3rd period - Slapshot by David Spacek.
13:27 of 3rd period - Stopped by Sebastian Cossa with a rebound.
13:29 of 3rd period - Wrist shot by Oliver Kapanen.
13:29 of 3rd period - Stopped by Sebastian Cossa without a rebound.
13:30 of 3rd period - Stephen Halliday wins face-off versus Brad Lambert in Sarnia Sailors zone.
13:55 of 3rd period - Snap shot by Stephen Halliday.
13:55 of 3rd period - Stopped by Sebastian Cossa without a rebound.
13:56 of 3rd period - Jackson Blake wins face-off versus Rory Kerins in Sarnia Sailors zone.
14:03 of 3rd period - Snap shot by Ethen Frank.
14:03 of 3rd period - Shot Misses the Net.
14:05 of 3rd period - Slapshot by Ethen Frank.
14:05 of 3rd period - Shot Misses the Net.
14:07 of 3rd period - Snap shot by Ethen Frank.
14:07 of 3rd period - Shot Blocked by Jesse Puljujarvi.
14:09 of 3rd period - Snap shot by Jackson Blake.
14:09 of 3rd period - Stopped by Sebastian Cossa with a rebound.
14:11 of 3rd period - Snap shot by Fyodor Svechkov.
14:11 of 3rd period - Goal by Fyodor Svechkov - Sarnia Sailors : 4 - Laval Rocket : 5.
14:12 of 3rd period - Brad Lambert wins face-off versus Vasili Ponomarev in neutral zone.
14:27 of 3rd period - Logan Morrison is hit by Jackson Blake and loses puck.
14:44 of 3rd period - Snap shot by Stephen Halliday.
14:44 of 3rd period - Stopped by Sebastian Cossa with a rebound.
14:46 of 3rd period - Snap shot by Colin Miller.
14:46 of 3rd period - Shot Misses the Net.
14:48 of 3rd period - Slapshot by Martin Chromiak.
14:48 of 3rd period - Stopped by Sebastian Cossa with a rebound.
15:18 of 3rd period - Declan Chisholm is hit by Ethen Frank.
16:56 of 3rd period - Slapshot by Jackson Blake.
16:56 of 3rd period - Shot Misses the Net.
18:15 of 3rd period - Icing by Stephen Halliday.
18:16 of 3rd period - Stephen Halliday wins face-off versus Brad Lambert in Laval Rocket zone.
18:34 of 3rd period - Nathan Gaucher is hit by Jackson Blake and loses puck.
18:59 of 3rd period - Sarnia Sailors, Sebastian Cossa is pulled from the net.
19:01 of 3rd period - Slapshot by Nathan Gaucher.
19:01 of 3rd period - Stopped by Jet Greaves with a rebound.
19:03 of 3rd period - Slapshot by Jeremie Poirier.
19:03 of 3rd period - Shot Misses the Net.
19:05 of 3rd period - Snap shot by Jack Rathbone.
19:05 of 3rd period - Deflect By Ian Mitchell.
19:05 of 3rd period - Stopped by Jet Greaves with a rebound.
19:07 of 3rd period - Slapshot by Jack Rathbone.
19:07 of 3rd period - Deflect By Jackson Blake.
19:07 of 3rd period - Stopped by Jet Greaves with a rebound.
19:16 of 3rd period - 10 Minutes Misconduct Penalty to Nate Danielson is over.
19:25 of 3rd period - Wrist shot by Nathan Gaucher.
19:25 of 3rd period - Stopped by Jet Greaves with a rebound.
19:27 of 3rd period - Wrist shot by Tristen Nielsen.
19:27 of 3rd period - Stopped by Jet Greaves with a rebound.
19:29 of 3rd period - Slapshot by Cole Reinhardt.
19:29 of 3rd period - Shot Misses the Net.
19:31 of 3rd period - Snap shot by Cole Reinhardt.
19:31 of 3rd period - Stopped by Jet Greaves with a rebound.
19:33 of 3rd period - Slapshot by Jeremie Poirier.
19:33 of 3rd period - Shot Misses the Net.
19:35 of 3rd period - Snap shot by Nathan Gaucher.
19:35 of 3rd period - Shot Misses the Net.
19:37 of 3rd period - Wrist shot by Jeremie Poirier.
19:37 of 3rd period - Stopped by Jet Greaves without a rebound.
19:38 of 3rd period - Joel Quenneville call a timeout for Sarnia Sailors.
19:38 of 3rd period - Brad Lambert wins face-off versus Jackson Blake in Laval Rocket zone.
19:41 of 3rd period - Snap shot by Zachary L'Heureux.
19:41 of 3rd period - Shot Misses the Net.
19:52 of 3rd period - Snap shot by Zachary L'Heureux.
19:52 of 3rd period - Stopped by Jet Greaves with a rebound.
Goals for this period are 2 for Sarnia Sailors vs 3 for Laval Rocket.
Shots for this period are 23 for Sarnia Sailors vs 18 for Laval Rocket.